 Dungeon Crawl Stone Soup version 0.24.0-29-g8ce449bc06 (webtiles) character file.

Game seed: 2981428339918200498, levelgen mode: deterministic

9780 Delamore the Severer (level 11, 0/73 HPs)
             Began as a Hill Orc Fighter on Nov 14, 2019.
             Was a Believer of Qazlal.
             Slain by a hippogriff (1 damage)
             ... on level 1 of the Lair of Beasts.
             The game lasted 00:13:48 (8583 turns).

Delamore the Severer (Hill Orc Fighter)             Turns: 8583, Time: 00:13:48

Health: 0/73       AC: 17    Str: 28    XL:     11   Next: 51%
Magic:  0/11       EV:  6    Int:  8    God:    Qazlal [**....]
Gold:   542        SH: 14    Dex: 16    Spells: 10/10 levels left

rFire    . . .     SeeInvis +   u - +2 war axe (flame)
rCold    + . .     Gourm    .   c - +0 shield
rNeg     . . .     Faith    .   j - +2 chain mail {rC+}
rPois    +         Spirit   +   (no helmet)
rElec    .         Reflect  .   q - +2 cloak
rCorr    .         Harm     .   I - +1 pair of gloves
MR       +....                  g - +0 pair of boots "Ureular" {Str+3 Dex+6} (curse)
Stlth    ..........             p - amulet of guardian spirit
HPRegen  0.22/turn              z - ring of see invisible
MPRegen  0.12/turn              N - ring of poison resistance

@: flying
A: blurry vision 1, frail 1, magic resistance 1, strong 1
a: Upheaval, Renounce Religion


You were on level 1 of the Lair of Beasts.
You worshipped Qazlal.
Qazlal was pleased with you.
You were not hungry.

You visited 2 branches of the dungeon, and saw 10 of its levels.
You also visited: Bailey.

You collected 542 gold pieces.

Inventory:

Hand Weapons
 r - a +0 executioner's axe
 u - a +2 war axe of flaming (weapon)
Missiles
 y - 5 curare-tipped darts (quivered)
Armour
 c - a +0 shield (worn)
 g - the cursed +0 pair of boots "Ureular" (worn) {Str+3 Dex+6}
   (You found it in a bailey)

   It affects your strength (+3).
   It affects your dexterity (+6).
   It has a curse placed upon it.
 j - a +2 chain mail of cold resistance (worn)
 q - a +2 cloak (worn)
 I - a +1 pair of gloves (worn)
 Q - +1 ice dragon scales
Jewellery
 e - an uncursed ring of fire
 p - an amulet of guardian spirit (around neck)
 z - a ring of see invisible (left hand)
 C - an uncursed ring of protection from cold
 N - a ring of poison resistance (right hand)
Wands
 E - a wand of polymorph (11)
 J - a wand of paralysis (5)
Scrolls
 a - a scroll of summoning {unknown}
 h - a scroll of identify
 i - 2 scrolls of blinking
 k - a scroll of fog
 l - 2 scrolls of enchant weapon
 m - 5 scrolls of teleportation
 n - 6 scrolls of remove curse
 s - a scroll of random uselessness
 v - a scroll of noise
 x - a scroll of enchant armour
 A - 2 scrolls of amnesia
 G - a scroll of immolation
 L - a scroll of acquirement
 M - a scroll of fear
Potions
 d - a potion of might
 o - 3 potions of curing
 t - a potion of invisibility {unknown}
 w - 4 potions of lignification
 B - a potion of flight
 D - 5 potions of haste
 F - a potion of magic {unknown}
 H - a potion of degeneration {unknown}
 K - 2 potions of berserk rage {unknown}
 O - a potion of cancellation {unknown}
 P - a potion of brilliance {unknown}
Comestibles
 b - 2 chunks of flesh
 f - 20 rations


   Skills:
 - Level 3.6 Fighting
 + Level 20.7 Axes
 - Level 3.2 Armour
 - Level 3.2 Shields


You had 10 spell levels left.
You didn't know any spells.
Your spell library contained the following spells:

 Spells                   Type           Power        Failure   Level  Hunger
 Magic Dart               Conj           #...         100%        1    ##.....
 Blink                    Tloc           N/A          100%        2    ###....
 Call Imp                 Summ           #.......     100%        2    ###....
 Slow                     Hex            #.......     100%        2    ###....
 Conjure Flame            Conj/Fire      #.......     100%        3    ####...
 Mephitic Cloud           Conj/Pois/Air  #.......     100%        3    ####...


Dungeon Overview and Level Annotations

Branches:
Dungeon (9/15)             Temple (0/1) D:7            Lair (1/6) D:9
    Orc (0/2) D:9          Bailey (visited)

Altars:
Dithmenos
Elyvilon
Gozag
Nemelex Xobeh
Qazlal
Sif Muna
Uskayaw
The Shining One

Shops:
D:8 (   D:9 (


Innate Abilities, Weirdness & Mutations

Scrolls take you a little longer to read.
You are frail. (-10% HP)
You are resistant to hostile enchantments. (MR+)
Your muscles are strong. (Str +2)


Message History

* * * LOW HITPOINT WARNING * * *
The hippogriff is engulfed in freezing vapours.
Really read with blurry vision while enemies are nearby? [Y]es or [N]o only, please.
Really read with blurry vision while enemies are nearby?
Okay, then.
Quiver which item? (- for none, * to show all) (? for menu, Esc to quit)
Okay, then.
You feel better.
The spiny frog is engulfed in freezing vapours.
The spiny frog seems to slow down.
The spiny frog stings you!
* * * LOW HITPOINT WARNING * * *
Some of the chunks of flesh in your inventory have rotted away.
Unknown command.
Okay, then.
Okay, then.
It was a potion of flight.
You feel very buoyant.
You fly up into the air.
The hippogriff bites you.
You die...

...≈≈≈≈..≈≈≈.P... .....###...P###
..≈≈≈≈.>.≈≈≈.##..........##...#P#
..≈≈≈≈..≈≈≈≈≈....................
...≈≈≈≈≈≈≈≈≈....... .............
#..≈≈≈≈≈≈≈≈..##..# #...........
##.≈≈†≈≈≈..###...# #.^.........
##.≈.≈≈†.^.# #..####...........
.###≈#.#.#..####...#P#...........
...............H@................
.............÷.F.................
#............÷###.#..######...###
#.............# ###..# ##..#
..............# #..# #..#
#..............# #..# ...# #
#.............## #..# ##... #
..............# P..# #..# #
.......... #..# #..


You could see a hippogriff and a spiny frog.

Vanquished Creatures
  2 hydras (Lair:1)
  2 two-headed ogres (D:9)
  A black mamba (Lair:1)
  The ghost of Katsumi the Transmogrifier, a novice FeTm of Ru (D:8)
  A spiny frog (Lair:1)
  Prince Ribbit (D:6)
  3 hippogriffs
  Sigmund (D:5)
  2 wyverns
  7 yaks
  A hungry ghost (D:8)
  A water moccasin (D:9)
  6 porcupines
  An ice beast (D:9)
  4 orc warriors
  A black bear (D:9)
  2 phantoms
  A sky beast (D:8)
  3 centaurs
  An ogre (D:4)
  2 crocodiles
  Blork the orc (D:5)
  A gnoll sergeant (D:9)
  11 bullfrogs
  4 scorpions
  A howler monkey (D:6)
  3 crimson imps
  2 bullfrog zombies
  A jelly (D:8)
  2 bullfrog skeletons
  A centaur skeleton (D:8)
  4 hounds
  2 orc priests
  2 iguanas (D:7)
  2 orc wizards
  4 worker ants
  8 gnolls
  3 adders
  An ooze (D:2)
  An adder zombie (D:9)
  An adder skeleton (D:8)
  A worm (D:5)
  4 dart slugs
  5 leopard geckos
  34 orcs
  3 giant cockroaches
  3 hobgoblins
  5 jackals
  5 kobolds
  2 quokkas
  A ball python (D:3)
  4 bats
  2 frilled lizards
  A giant cockroach zombie (D:6)
  8 goblins
  A jackal zombie (D:7)
  7 rats
  5 fungi (D:9)
  2 plants
192 creatures vanquished.

Vanquished Creatures (others)
  12 fungi (D:9)
12 creatures vanquished.

Grand Total: 204 creatures vanquished

Notes
Turn   | Place    | Note
-------+----------+-------------------------------------------
     0 | D:1      | Delamore the Hill Orc Fighter began the quest for the Orb.
     0 | D:1      | Reached XP level 1. HP: 19/19 MP: 1/1
    54 | D:1      | Reached skill level 3 in Axes
   120 | D:1      | Reached XP level 2. HP: 25/26 MP: 2/2
   331 | D:1      | Reached skill level 4 in Axes
   725 | D:2      | Reached XP level 3. HP: 24/31 MP: 3/3
   731 | D:2      | Reached skill level 5 in Axes
  1244 | D:2      | Reached XP level 4. HP: 39/39 MP: 4/4
  1592 | D:3      | Reached skill level 6 in Axes
  1978 | D:3      | You fall into a shaft and drop 3 floors!
  2040 | D:6      | Reached skill level 7 in Axes
  2040 | D:6      | Reached XP level 5. HP: 40/45 MP: 5/5
  2083 | D:5      | Entered Level 5 of the Dungeon
  2095 | D:5      | Noticed Sigmund
  2127 | D:5      | Killed Sigmund
  2127 | D:5      | Reached skill level 8 in Axes
  2127 | D:5      | Reached XP level 6. HP: 14/51 MP: 3/6
  3142 | D:4      | Reached skill level 9 in Axes
  3180 | D:4      | Reached XP level 7. HP: 46/57 MP: 7/7
  3413 | D:4      | Reached skill level 10 in Axes
  3765 | D:5      | Noticed Blork the orc
  3768 | D:5      | Killed Blork the orc
  3768 | D:5      | Reached skill level 11 in Axes
  4329 | D:6      | Found a glowing golden altar of the Shining One.
  4331 | D:6      | Found a white marble altar of Elyvilon.
  4335 | D:6      | Found a shimmering blue altar of Sif Muna.
  4335 | D:6      | Found a hide-covered altar of Uskayaw.
  4335 | D:6      | Found a stormy altar of Qazlal.
  4337 | D:6      | Found an opulent altar of Gozag.
  4340 | D:6      | Found a sparkling altar of Nemelex Xobeh.
  4341 | D:6      | Found a shadowy altar of Dithmenos.
  4344 | D:6      | Became a worshipper of Qazlal Stormbringer
  4415 | D:6      | Reached XP level 8. HP: 51/64 MP: 5/8
  4609 | D:6      | Reached skill level 12 in Axes
  4662 | D:6      | Noticed Prince Ribbit
  4675 | D:6      | Killed Prince Ribbit
  5288 | D:7      | Noticed a hippogriff
  5297 | D:7      | Killed a hippogriff
  5297 | D:7      | Reached skill level 13 in Axes
  5355 | D:7      | Found a staircase to the Ecumenical Temple.
  5570 | D:7      | Got an amber-encrusted leather armour
  5581 | D:7      | Identified the cursed +1 leather armour of Magic {Int+5}
                  | (You found it on level 7 of the Dungeon)
  5582 | D:7      | Identified a scroll of acquirement
  5671 | D:7      | Reached skill level 14 in Axes
  5671 | D:7      | Reached XP level 9. HP: 60/70 MP: 6/9
  5937 | D:8      | Reached skill level 15 in Axes
  5940 | D:8      | Found a flagged portal.
  5950 | Bailey   | Entered a bailey
  6101 | Bailey   | Reached * piety under Qazlal
  6348 | Bailey   | Got a pair of slimy boots
  6663 | Bailey   | Identified the cursed +0 pair of boots "Ureular" {Str+3
                  | Dex+6} (You found it in a bailey)
  6687 | D:8      | Got a dazzling halberd
  6699 | D:8      | Identified the +1 halberd "Pejuoj" {holy, Fragile rN+ Dex+3
                  | Stlth+} (You found it on level 8 of the Dungeon)
  6783 | D:8      | Found Xopoodd's Weapon Boutique.
  6964 | D:8      | Found a runed translucent door.
  6966 | D:8      | Noticed Katsumi's ghost (novice FeTm)
  6977 | D:8      | Killed Katsumi's ghost
  6977 | D:8      | Reached skill level 16 in Axes
  7433 | D:9      | Reached XP level 10. HP: 62/77 MP: 10/10
  7515 | D:9      | Found a staircase to the Orcish Mines.
  7515 | D:9      | Found Tuimus's Weapon Emporium.
  7518 | D:9      | Noticed a two-headed ogre
  7521 | D:9      | Noticed a two-headed ogre
  7553 | D:9      | Killed a two-headed ogre
  7553 | D:9      | Reached skill level 17 in Axes
  7561 | D:9      | Killed a two-headed ogre
  7565 | D:9      | Reached skill level 18 in Axes
  7911 | D:9      | Found a staircase to the Lair.
  7917 | D:9      | Reached ** piety under Qazlal
  8036 | D:9      | Reached skill level 19 in Axes
  8071 | D:9      | Reached XP level 11. HP: 69/82 MP: 11/11
  8281 | D:9      | Gained mutation: You have supernaturally acute eyesight.
                  | (SInv) [potion of mutation]
  8281 | D:9      | Gained mutation: Your system is resistant to poisons.
                  | (rPois) [potion of mutation]
  8281 | D:9      | Gained mutation: Your magical capacity is low. (-10% MP)
                  | [potion of mutation]
  8281 | D:9      | Gained mutation: You are partially covered in icy blue
                  | scales. (AC +2) [potion of mutation]
  8282 | D:9      | Lost mutation: Your system is resistant to poisons. (rPois)
                  | [potion of mutation]
  8282 | D:9      | Lost mutation: Your magical capacity is low. (-10% MP)
                  | [potion of mutation]
  8282 | D:9      | Lost mutation: You have supernaturally acute eyesight.
                  | (SInv) [potion of mutation]
  8282 | D:9      | Gained mutation: You have sharp toenails. [potion of
                  | mutation]
  8283 | D:9      | Lost mutation: You have sharp toenails. [potion of
                  | mutation]
  8283 | D:9      | Lost mutation: You are partially covered in icy blue
                  | scales. (AC +2) [potion of mutation]
  8283 | D:9      | Gained mutation: Your spells are a little easier to cast,
                  | but a little less powerful. [potion of mutation]
  8283 | D:9      | Gained mutation: You are somewhat resistant to further
                  | mutation. [potion of mutation]
  8284 | D:9      | Lost mutation: Your spells are a little easier to cast, but
                  | a little less powerful. [potion of mutation]
  8284 | D:9      | Lost mutation: You are somewhat resistant to further
                  | mutation. [potion of mutation]
  8284 | D:9      | Gained mutation: Your muscles are strong. (Str +2) [potion
                  | of mutation]
  8284 | D:9      | Gained mutation: You are frail. (-10% HP) [potion of
                  | mutation]
  8284 | D:9      | Gained mutation: Scrolls take you a little longer to read.
                  | [potion of mutation]
  8284 | D:9      | Gained mutation: You are resistant to hostile enchantments.
                  | (MR+) [potion of mutation]
  8315 | Lair:1   | Entered Level 1 of the Lair of Beasts
  8332 | Lair:1   | Noticed a four-headed hydra
  8346 | Lair:1   | Reached skill level 20 in Axes
  8348 | Lair:1   | Killed a one-headed hydra
  8549 | Lair:1   | Noticed a six-headed hydra
  8566 | Lair:1   | Killed a one-headed hydra
  8582 | Lair:1   | HP: 1/73 [spiny frog (10)]
  8583 | Lair:1   | Slain by a hippogriff

Levels and vault maps discovered:
D:1:      psy_arrival_whirlpool, layout_loops_corners
D:2:      layout_basic
D:3:      layout_basic, first_ration, st_stairs_9
D:4:      layout_basic
D:5:      layout_loops_ring, uniq_blork_the_orc, uniq_sigmund
D:6:      layout_basic, minitemple, uniq_prince_ribbit1
D:7:      layout_gridville, minmay_temple_entry_sparse_star
D:8:      layout_cave_pods, gammafunk_ghost_grave, enter_bailey_2, serial_shops,
          nicolae_shop_waterfront
D:9:      layout_basic, due_lair_maze_entry_diamond, orc_david_3
Lair:1:   layout_small_grid, minmay_lair_oklob_chamber, grunt_megastairs_5,
          infiniplex_staircase_pool_2

Skill      XL: |  1  2  3  4  5  6  7  8  9 10 11 |
---------------+----------------------------------+-----
Axes           | 3 4 5 7 8 9 11 14 16 19 20 | 20.7
Fighting       | |  3.6
Armour         | |  3.2
Shields        | |  3.2

Action                   |  1- 3 |  4- 6 |  7- 9 | 10-12 || total
-------------------------+-------+-------+-------+-------++-------
Melee: War axe           |    67 |   107 |   238 |   152 ||   564
  Use: Scroll            |       |       |    17 |       ||    17
       Potion            |       |       |       |     9 ||     9
  Eat: Chunk             |     1 |     3 |    11 |     4 ||    19
       Ration            |       |     1 |     1 |       ||     2
Armor: Scale mail        |    31 |    57 |    85 |       ||   173
       Ice dragon scales |       |       |    19 |    19 ||    38
       Chain mail        |       |       |       |    47 ||    47
Dodge: Dodged            |    22 |    19 |    72 |    40 ||   153
Block: Shield            |    31 |    46 |   131 |    90 ||   298
